 Dungeon Crawl Stone Soup version 0.28-a0-850-g09de17f5b5 (webtiles) character file.

Game seed: 6634457648692770008

223 wakim the Conjurer (level 5, -3/38 HPs)
             Began as a Draconian Conjurer on Nov 13, 2021.
             Killed from afar by an orc wizard (5 damage)
             ... with a puff of flame
             ... on level 4 of the Dungeon.
             The game lasted 00:11:37 (3668 turns).

wakim the Conjurer (Draconian Conjurer)             Turns: 3668, Time: 00:11:37

Health: -3/38      AC:  5    Str:  9    XL:     5   Next: 66%
Magic:  9/10       EV: 11    Int: 19    God:
Gold:   196        SH:  3    Dex: 10    Spells: 7/10 levels left

rFire   . . .      SeeInvis .   b - +1 dagger (flame)
rCold   . . .      Faith    .   n - +0 buckler
rNeg    . . .      Spirit   .   (armour unavailable)
rPois   .          Reflect  .   (helmet restricted)
rElec   .          Harm     .   (no cloak)
rCorr   .          Rampage  .   (no gloves)
Will    .....                   (no boots)
Stlth   ++........              (no amulet)
HPRegen 0.12/turn               (no ring)
MPRegen 0.12/turn               (no ring)

@: no status effects
A: AC +5, unfitting armour, cold-blooded
a: no special abilities


You were on level 4 of the Dungeon.
You visited 1 branch of the dungeon, and saw 4 of its levels.

You collected 196 gold pieces.

Inventory:

Hand Weapons
 a - a +0 mace
 b - a +1 dagger of flaming (weapon)
Armour
 n - a +0 buckler (worn)
Jewellery
 g - a ring of fire
 o - an amulet of guardian spirit
Scrolls
 c - a scroll of acquirement {unknown}
 d - 2 scrolls of identify {unknown}
 e - a scroll of noise {unknown}
 f - 3 scrolls of teleportation {unknown}
 h - a scroll of summoning {unknown}
 m - a scroll of holy word {unknown}
Potions
 i - a potion of heal wounds {unknown}
 j - a potion of flight {unknown}
 k - a potion of lignification {unknown}
 l - a potion of degeneration {unknown}


   Skills:
 - Level 1.7 Dodging
 - Level 1.7 Stealth
 * Level 1.6 Shields
 + Level 3.4 Spellcasting
 + Level 5.9 Conjurations


You had 7 spell levels left.
You knew the following spells:

 Your Spells              Type           Power      Damage    Failure   Level
a - Magic Dart            Conj           100%       1d8       1%          1
s - Searing Ray           Conj           50%        2d6       2%          2

Your spell library contained the following spells:

 Spells                   Type           Power      Damage    Failure   Level
 Dazzling Flash           Conj/Hex       28%        N/A       17%         3
 Fulminant Prism          Conj/Hex       7%         3d7       50%         4
 Iskenderun's Mystic Bla  Conj/Tloc      14%        2d5       50%         4


Dungeon Overview and Level Annotations

Branches:
Dungeon (4/15)
 Temple: D:4-7

Altars:

Shops:
D:4 *


Innate Abilities, Weirdness & Mutations

Your plain brown scales are hard. (AC +5)
You cannot fit into any form of body armour.
You are cold-blooded and may be slowed by cold attacks.


Message History

The orc wizard casts a spell.
The orc wizard flickers and vanishes!
Deactivating autopickup; reactivate with Ctrl-A.
The giant cockroach bites you.
* * * LOW HITPOINT WARNING * * *
The endoplasm freezes you.
You are frozen.
* * * LOW HITPOINT WARNING * * *
The giant cockroach barely misses you. The endoplasm freezes you.
You are frozen.
* * * LOW HITPOINT WARNING * * *
In your confused state, you trip and fall back down the stairs.
* * * LOW HITPOINT WARNING * * *
The giant cockroach bites you but does no damage.
The orc misses you.
The orc wizard mumbles some strange words.
The orc wizard flickers and vanishes!
The endoplasm hits you.
* * * LOW HITPOINT WARNING * * *
The orc priest barely misses you. The orc hits you but does no damage.
The giant cockroach barely misses you.
The giant cockroach bites you but does no damage.
The endoplasm barely misses you. The giant cockroach barely misses you.
The orc priest barely misses you. The orc hits you with a +0 dagger.
* * * LOW HITPOINT WARNING * * *
The giant cockroach bites you but does no damage.
The endoplasm closely misses you. The giant cockroach closely misses you.
In your confused state, you trip and fall back down the stairs.
* * * LOW HITPOINT WARNING * * *
You feel less confused. The giant cockroach closely misses you.
The orc priest misses you. The orc barely misses you.
The endoplasm hits you but does no damage.
The giant cockroach closely misses you. The giant cockroach barely misses you.
The orc priest looks braver for a moment.
You feel yourself speed up.
You hear some strange, mumbled words.
A puff of flame appears from out of thin air!
The puff of flame hits you.
You die...

## .# ..# #
#.#####..# #
#.#........#
##.#.#####@####.#
##.....Ko.Bo{....#
...>.∩.<.oJBo....#
.........oo........
...................
#######..........#.
.............
###.#########. #.#


You could see 2 orc priests, 4 orcs, an endoplasm, 2 giant cockroaches and a
kobold.

Vanquished Creatures
  An orc priest (D:3)
  A bullfrog skeleton (D:3)
  4 adders
  6 gnolls (D:3)
  A worm (D:2)
  2 dart slugs
  5 orcs (D:3)
  3 ball pythons
  11 endoplasms
  2 giant cockroaches (D:1)
  5 goblins
  3 hobgoblins
  3 jackals (D:2)
  2 kobolds
  3 quokkas
  4 bats
  A rat (D:2)
57 creatures vanquished.

Notes
Turn   | Place    | Note
-------+----------+-------------------------------------------
     0 | D:1      | wakim the Draconian Conjurer began the quest for the Orb.
     0 | D:1      | Reached XP level 1. HP: 14/14 MP: 3/3
   525 | D:1      | Reached XP level 2. HP: 20/20 MP: 1/5
   548 | D:1      | Learned a level 2 spell: Searing Ray
  1063 | D:2      | Found a faded altar of an unknown god.
  1245 | D:2      | Reached XP level 3. HP: 26/26 MP: 3/6
  2015 | D:2      | Reached skill level 5 in Conjurations
  2359 | D:2      | Reached XP level 4. HP: 33/33 MP: 4/8
  2730 | D:3      | Reached XP level 5. HP: 17/38 MP: 0/9
  3153 | D:3      | Reached skill level 1 in Shields
  3352 | D:3      | Noticed a phantom
  3657 | D:4      | Found Cickih's General Store.
  3667 | D:4      | HP: 1/38 [fell downstairs (1)]
  3668 | D:4      | Killed from afar by an orc wizard

Illustrated notes

Levels and vault maps discovered:
D:1:      psy_arrival_spokes, layout_basic, serial_bayou_lake_a
D:2:      minmay_inner_zag, layout_basic, basic_ecumenical_altar,
          guppyfry_early_lair_pool
D:3:      layout_loops_cross, grunt_temple_overflow_diamond
D:4:      layout_basic, hangedman_ru_absence, gammafunk_ghost_arena,
          serial_shops, nicolae_stop_n_shop_2, lightli_sewer_entry_pipes,
          uniq_crazy_yiuf_cottage

Skill      XL: |  1  2  3  4  5 |
---------------+----------------+-----
Conjurations   | 5 |  5.9
Spellcasting   | 3 |  3.4
Shields        | 1 |  1.6
Dodging        | |  1.7
Stealth        | |  1.7

Action                   |  1- 3 |  4- 6 || total
-------------------------+-------+-------++-------
Melee: Dagger            |    25 |     4 ||    29
       Mace              |     3 |       ||     3
 Cast: Magic Dart        |    13 |     1 ||    14
       Searing Ray       |    24 |    24 ||    48
Armor: Skin              |    11 |     7 ||    18
Dodge: Dodged            |    34 |    24 ||    58

Table legend: (Time is in decaauts)
 A = Elapsed time spent in this place.
 B = Non-inter-level travel time spent in this place.
 C = Inter-level travel time spent in this place.
 D = Time resting spent in this place.
 E = Time spent auto-exploring this place.
 F = Levels seen in this place.
 G = Mean time per level.
                   A        B        C        D        E       F      G
               +--------+--------+--------+--------+--------+-----+--------+
         Total |   3708 |   3541 |    167 |    238 |   2865 |   4 |  927.0 |
       Dungeon |   3708 |   3541 |    167 |    238 |   2865 |   4 |  927.0 |
               +--------+--------+--------+--------+--------+-----+--------+

Top non-repeatable levels by time:
     D:2: 1535 daAuts
     D:1: 1099 daAuts
     D:3: 1061 daAuts
     D:4: 12 daAuts
